 Dungeon Crawl Stone Soup version 0.25-a0-420-g1cc7eeb0d1 (webtiles) character file.

Game seed: 1120902604785322286, levelgen mode: deterministic

46381 Borgoz the Carver (level 14, -9/90 HPs)
             Began as a Gargoyle Berserker on Jan 18, 2020.
             Was an Elder of Trog.
             Mangled by a cyclops (20 damage)
             ... on level 14 of the Dungeon on Jan 19, 2020.
             The game lasted 00:29:59 (15837 turns).

Borgoz the Carver (Gargoyle Berserker)             Turns: 15837, Time: 00:30:00

Health: -9/90      AC: 26    Str: 29    XL:     14   Next: 37%
Magic:  14/14      EV: 19    Int:  8    God:    Trog [****..]
Gold:   401        SH:  3    Dex: 16    Spells: 13/13 levels left

rFire    . . .     SeeInvis +   b - +4 great sword (vorpal)
rCold    + . .     Gourm    .   (shield currently unavailable)
rNeg     + . .     Faith    .   D - +3 scale mail {rC+}
rPois    ∞         Spirit   .   k - +1 helmet
rElec    +         Reflect  +   z - +0 cloak
rCorr    .         Harm     .   (no gloves)
MR       +++..                  (no boots)
Stlth    ..........             e - +3 amulet of reflection
HPRegen  1.25/turn              h - +5 ring of dexterity
MPRegen  0.14/turn              n - ring of see invisible

@: mighty, very slightly contaminated, regenerating
A: big wings, negative energy resistance 1, electricity resistance, unbreathing,
petrification resistance, rot immunity, AC +10
a: Fly, Berserk, Trog's Hand, Brothers in Arms, Renounce Religion


You were on level 14 of the Dungeon.
You worshipped Trog.
Trog was greatly pleased with you.
You were very hungry.

You visited 1 branch of the dungeon, and saw 15 of its levels.

You collected 925 gold pieces.
You spent 524 gold pieces at shops.

Inventory:

Hand Weapons
 a - a +3 great sword of flaming
 b - a +4 vorpal great sword (weapon)
 K - the +7 falchion "Killer Klown's Peril" {venom, rPois Dex+3}
   (You bought it in a shop on level 12 of the Dungeon)

   It poisons the flesh of those it strikes.
   It affects your dexterity (+3).
   It protects you from poison.
 M - a +1 antimagic triple sword
Missiles
 q - 2 throwing nets (quivered)
Armour
 k - a +1 helmet (worn)
 z - a +0 cloak (worn)
 D - a +3 scale mail of cold resistance (worn)
Jewellery
 e - a +3 amulet of reflection (around neck)
 g - an uncursed amulet of harm
 h - a +5 ring of dexterity (left hand)
 n - a ring of see invisible (right hand)
 s - an uncursed ring of protection from cold
 E - a +6 ring of protection
 I - a +4 ring of dexterity
 P - an uncursed ring of protection from magic
Wands
 m - a wand of iceblast (17)
 A - a wand of disintegration (12)
 G - a wand of paralysis (16)
Scrolls
 d - 2 scrolls of magic mapping
 f - 8 scrolls of enchant armour
 i - 6 scrolls of remove curse
 o - 5 scrolls of teleportation
 p - a scroll of fog {unknown}
 r - a scroll of holy word {unknown}
 w - a scroll of fear
 y - 3 scrolls of blinking
 B - a scroll of brand weapon {unknown}
 H - a scroll of enchant weapon {unknown}
 J - a scroll of amnesia {unknown}
 L - a scroll of vulnerability {unknown}
 N - a scroll of torment {unknown}
 Q - a scroll of identify
Potions
 j - 2 potions of lignification
 l - a potion of cancellation
 t - a potion of invisibility
 u - 4 potions of flight
 v - 7 potions of agility
 x - 6 potions of curing
 C - 4 potions of might
 F - a potion of mutation
Comestibles
 c - 31 rations
 O - 2 chunks of flesh


   Skills:
 + Level 11.4 Fighting
 * Level 13.2 Long Blades
 + Level 11.2 Armour
 * Level 12.1 Dodging


You had 13 spell levels left.
You didn't know any spells.
Your spell library was empty.

Dungeon Overview and Level Annotations

Branches:
Dungeon (15/15)            Temple (0/1) D:4            Lair (0/6) D:8
    Orc (0/2) D:12
 Vaults: D:13-14     Depths: D:15

Altars:
Elyvilon
Gozag
Sif Muna
Trog
Yredelemnul
The Shining One

Shops:
D:7 :   D:8 [   D:11 *   D:12 (!}   D:13 *   D:15 !


Innate Abilities, Weirdness & Mutations

You are resistant to torment.
Your stone body is resilient. (AC +10)
You are immune to poison.
Your large and strong wings let you fly indefinitely.
You resist negative energy. (rN+)
You are resistant to electric shocks. (rElec)
You can survive without breathing.
You are immune to petrification.
You are immune to rotting.


Message History

* * * LOW HITPOINT WARNING * * *
You barely miss the troll.
The troll is severely wounded.
The troll bites you but does no damage. You block the troll's attack.
The troll claws you!
* * * LOW HITPOINT WARNING * * *
You slash the troll!
You kill the troll!
Trog accepts your kill.
The troll leather armour is intact enough to wear.
You slash the cyclops!
The cyclops is lightly wounded.
Throwing (i - inventory)
q - 2 throwing nets (quivered)
Press: ? - help, Shift-Dir - straight line, f - cyclops
Aim: a cyclops, quivering a large rock (lightly wounded, immune to nets)
Okay, then.
You slash the cyclops!
The cyclops is heavily wounded.
The cyclops hits you!!
You die...

##............# #.#
##......(....# #.#
##...........#######.#
##....((......).......#
#)up..(((.....#######.#
#....###)#####.# #.# ..u....#
#)# #.# #.# ..c#....# #C# #.#
#.## ..#.##...# #@# #.# #...
. . ##..# #(# #.#######)## +#
##.# #(# #.........# ..
##.###.# #.........# ...
##...##.# #.........#
....##....##.#####.........#
...........................#
.......†##########.....(..)##
#######.# #...........


You could see a cyclops.

Vanquished Creatures
  A deep elf sorcerer (D:12)
  3 vault guards (D:14)
  4 hydras
  Harold (D:8)
  3 centaur warriors
  3 two-headed ogres
  A catoblepas (D:11)
  2 tengu warriors
  A vampire mage (D:12)
  2 unseen horrors
  A wizard (D:14)
  A wolf spider zombie (D:13)
  8 deep elf magi
  A cyclops (D:15)
  13 ugly things
  2 manticores
  3 orc sorcerers (D:12)
  A centaur zombie (D:12)
  8 naga magi (D:12)
  2 centaur skeletons
  3 kobold demonologists
  3 komodo dragons
  An efreet (D:13)
  4 trolls
  A meliai (D:13)
  6 slime creatures
  Grinder (D:5)
  4 hippogriffs
  Sigmund (D:3)
  A centaur simulacrum (D:14)
  A spriggan (D:8)
  3 shadows
  A wyvern (D:12)
  3 yaks (D:11)
  The ghost of Boesi the Vandal, an amateur MiHu (D:5)
  2 wraiths
  A basilisk (D:15)
  A hungry ghost (D:12)
  10 vampire mosquitoes
  A warg (D:12)
  2 acid dragons (D:12)
  3 porcupines (D:8)
  3 water moccasins
  9 orc warriors
  An ice beast (D:5)
  6 black bears
  4 boggarts (D:15)
  2 phantoms
  A necrophage (D:10)
  5 ogres
  7 centaurs
  3 crocodiles
  4 big kobolds
  8 bullfrogs
  A wyvern skeleton (D:8)
  3 scorpions
  A water moccasin zombie (D:11)
  5 killer bees (D:8)
  8 wights
  2 electric eels
  10 howler monkeys
  7 crimson imps
  3 bullfrog zombies
  12 hounds
  3 jellies
  14 orc wizards
  Crazy Yiuf (D:6)
  12 orc priests
  A quasit (D:5)
  6 bullfrog skeletons
  3 iguanas
  Ijyb (D:3)
  Terence (D:3)
  8 worker ants
  A hound skeleton (D:9)
  A hound zombie (D:8)
  5 worker ant zombies
  8 adders
  3 gnolls (D:4)
  4 shadow imps
  An ooze (D:1)
  An adder skeleton (D:10)
  3 worms
  5 dart slugs
  6 leopard geckos
  57 orcs
  4 giant cockroaches
  4 goblins
  9 hobgoblins
  10 jackals
  2 quokkas
  3 ball pythons
  6 bats
  8 frilled lizards
  A giant cockroach zombie (D:5)
  A jackal skeleton (D:8)
  23 kobolds
  2 quokka skeletons
  7 rats
445 creatures vanquished.

Vanquished Creatures (collateral kills)
  2 centaur warriors (D:13)
  A cyclops (D:13)
  A wraith (D:13)
  A hungry ghost (D:13)
5 creatures vanquished.

Vanquished Creatures (others)
  A vault guard (D:14)
  An unseen horror (D:13)
  A shadow (D:14)
  A centaur (D:14)
  A crimson imp (D:14)
  An orc wizard (D:15)
  15 fungi (D:8)
  2 plants (D:8)
23 creatures vanquished.

Grand Total: 473 creatures vanquished

Notes
Turn   | Place    | Note
-------+----------+-------------------------------------------
     0 | D:1      | Borgoz the Gargoyle Berserker began the quest for the Orb.
     0 | D:1      | Reached XP level 1. HP: 14/14 MP: 1/1
   302 | D:1      | Reached XP level 2. HP: 19/19 MP: 2/2
   619 | D:1      | Reached skill level 3 in Long Blades
  1062 | D:2      | Reached XP level 3. HP: 12/23 MP: 3/3
  1590 | D:2      | Reached XP level 4. HP: 25/28 MP: 4/4
  1941 | D:3      | Reached ** piety under Trog
  2039 | D:3      | Found a white marble altar of Elyvilon.
  2306 | D:3      | Found a faded altar of an unknown god.
  2496 | D:3      | Noticed Terence
  2511 | D:3      | Killed Terence
  2511 | D:3      | Reached XP level 5. HP: 33/33 MP: 5/5
  2530 | D:3      | Noticed Ijyb
  2554 | D:3      | Killed Ijyb
  2746 | D:3      | Noticed Sigmund
  2767 | D:3      | Killed Sigmund
  2767 | D:3      | Reached skill level 4 in Long Blades
  2767 | D:3      | Reached XP level 6. HP: 39/39 MP: 6/6
  3172 | D:4      | Reached XP level 7. HP: 44/44 MP: 7/7
  3300 | D:4      | Reached *** piety under Trog
  3376 | D:4      | Reached skill level 5 in Long Blades
  3560 | D:4      | Found an opulent altar of Gozag.
  3650 | D:4      | Found a staircase to the Ecumenical Temple.
  3843 | D:5      | Entered Level 5 of the Dungeon
  3997 | D:5      | Found a runed translucent gate.
  3997 | D:5      | Found a runed translucent gate.
  3998 | D:5      | Found a runed translucent gate.
  4156 | D:5      | Reached skill level 5 in Fighting
  4156 | D:5      | Reached XP level 8. HP: 36/49 MP: 8/8
  4461 | D:5      | Noticed Boesi's ghost (amateur MiHu)
  4529 | D:5      | Noticed Grinder
  4562 | D:5      | Paralysed by Grinder for 7 turns
  4574 | D:5      | Killed Grinder
  4574 | D:5      | Reached skill level 5 in Dodging
  4779 | D:5      | Reached skill level 6 in Long Blades
  4873 | D:5      | Reached skill level 5 in Armour
  4879 | D:5      | Killed Boesi's ghost
  4999 | D:6      | Reached XP level 9. HP: 55/55 MP: 9/9
  5207 | D:6      | Found a runed translucent door.
  5208 | D:6      | Noticed Crazy Yiuf
  5214 | D:6      | Killed Crazy Yiuf
  5348 | D:6      | Found a basalt altar of Yredelemnul.
  5370 | D:6      | Got a crude chain mail
  5381 | D:6      | Identified the +7 chain mail of Dogmatism {Str+7 Slay-5}
                  | (You found it on level 6 of the Dungeon)
  5522 | D:7      | Found Atwoet's Book Emporium.
  5559 | D:7      | Reached skill level 7 in Long Blades
  5664 | D:7      | Reached **** piety under Trog
  6589 | D:8      | Reached XP level 10. HP: 24/61 MP: 10/10
  6898 | D:8      | Reached skill level 8 in Long Blades
  7254 | D:8      | Found a staircase to the Lair.
  7469 | D:8      | Found a glowing golden altar of the Shining One.
  7511 | D:8      | Noticed Harold
  7537 | D:8      | Killed Harold
  7829 | D:8      | Found Wiah's Armour Shoppe.
  7903 | D:9      | Reached ***** piety under Trog
  7903 | D:9      | Received a gift from Trog
  8205 | D:9      | Noticed a two-headed ogre
  8215 | D:9      | Killed a two-headed ogre
  8215 | D:9      | Reached skill level 9 in Long Blades
  8683 | D:10     | Entered Level 10 of the Dungeon
  8808 | D:6      | Found a bloodstained altar of Trog.
  8904 | D:10     | Reached XP level 11. HP: 52/68 MP: 11/11
  9758 | D:10     | Received a gift from Trog
 10240 | D:11     | Noticed a catoblepas
 10244 | D:11     | Killed a catoblepas
 10410 | D:11     | Found Sohun's Assorted Antiques.
 10421 | D:11     | Reached skill level 10 in Long Blades
 10694 | D:11     | Bought a thick pearl amulet for 140 gold pieces
 10720 | D:11     | Bought a ring of dexterity for 56 gold pieces
 11228 | D:12     | Noticed a deep elf mage
 11241 | D:12     | Killed a deep elf mage
 11272 | D:12     | Noticed a white ugly thing
 11282 | D:12     | Killed a white ugly thing
 11337 | D:12     | Found Riamomal's Distillery.
 11356 | D:12     | Reached XP level 12. HP: 76/76 MP: 12/12
 11370 | D:12     | Received a gift from Trog
 11400 | D:12     | Bought 2 potions of might for 120 gold pieces
 11706 | D:12     | Found a staircase to the Orcish Mines.
 11716 | D:12     | Noticed a two-headed ogre
 11722 | D:12     | Killed a two-headed ogre
 11803 | D:12     | Found Utwepn's Gadget Shop.
 11836 | D:12     | Reached skill level 11 in Long Blades
 11959 | D:12     | Found Oggoleew's Antique Weapon Shop.
 11963 | D:12     | Reached skill level 10 in Dodging
 12152 | D:12     | Noticed a vampire mage
 12161 | D:12     | Noticed a jiangshi
 12166 | D:12     | Killed a vampire mage
 12253 | D:12     | Bought a crystal falchion for 208 gold pieces
 12253 | D:12     | Identified the +7 falchion "Killer Klown's Peril" {venom,
                  | rPois Dex+3} (You bought it in a shop on level 12 of the
                  | Dungeon)
 12578 | D:12     | Found a shimmering blue altar of Sif Muna.
 12601 | D:12     | Received a gift from Trog
 12714 | D:12     | Noticed a deep elf sorcerer
 12726 | D:12     | Reached skill level 10 in Fighting
 12734 | D:12     | Killed a deep elf sorcerer
 12734 | D:12     | Reached XP level 13. HP: 42/82 MP: 8/13
 13491 | D:13     | Found Ruidaben's General Store.
 13504 | D:13     | Reached skill level 10 in Armour
 13589 | D:13     | Reached skill level 12 in Long Blades
 14132 | D:13     | You fall into a shaft and drop 2 floors!
 14132 | D:15     | Entered Level 15 of the Dungeon
 14159 | D:15     | Found Enosm's Distillery.
 14295 | D:15     | Received a gift from Trog
 15297 | D:14     | Gained mutation: Your large and strong wings let you fly
                  | indefinitely. [Gargoyle growth]
 15297 | D:14     | Reached XP level 14. HP: 90/90 MP: 14/14
 15635 | D:14     | Reached skill level 13 in Long Blades
 15837 | D:14     | Mangled by a cyclops

Levels and vault maps discovered:
D:1:      scummos_arrival_star, layout_basic
D:2:      layout_basic, first_ration, minmay_misc_feat_x
D:3:      layout_loops_corners, elyvilon_altar_5,
          chequers_ecumenical_altar_grove, uniq_sigmund, uniq_ijyb, uniq_terence
D:4:      kennysheep_big_flooded_room, layout_cave_pools,
          minmay_temple_entry_slanted, grunt_gozag_statues
D:5:      black_bear_nest_2, layout_basic, gammafunk_ghost_necromancy,
          uniq_grinder
D:6:      layout_rooms, nicolae_overflow_hidden_temple, lightli_corner_chamber,
          uniq_crazy_yiuf_cottage
D:7:      layout_basic, serial_shops, shop
D:8:      layout_rooms, tso_oasis_becter, due_lair_maze_entry_diamond,
          serial_shops, nicolae_shop_behind_doors, the_bakery, uniq_harold
D:9:      layout_irregular_city
D:10:     layout_stronghold, st_stairs_14
D:11:     layout_irregular_city, serial_shops, shop, minivault_4,
          minmay_misc_feat_nine_boxes, minmay_radiant
D:12:     evilmike_library_of_no_secrets, layout_layer_cave, david_orc_3,
          serial_shops, nicolae_shop_waterfront, shop, shop_statue,
          serial_bayou_crossing
D:13:     layout_roguey, serial_shops, shop, minivault_28
D:14:     layout_small_grid, lightli_vaults_fourway_checkpoint,
          chequers_serial_rivers_micro_a
D:15:     hangedman_depths_entry_try_elsewhere_first, layout_basic,
          minmay_misc_feat_columns, serial_shops, shop, drop_trap

Skill      XL: |  1  2  3  4  5  6  7  8  9 10 11 12 13 14 |
---------------+-------------------------------------------+-----
Long Blades    | 3 4 5 6 7 9 10 11 12 13 | 13.2
Dodging        | 2 3 4 5 6 8 9 10 11 12 | 12.1
Armour         | 3 4 5 6 7 8 9 10 11 | 11.2
Fighting       | 4 5 6 8 9 10 11 | 11.4

Action                   |  1- 3 |  4- 6 |  7- 9 | 10-12 | 13-15 || total
-------------------------+-------+-------+-------+-------+-------++-------
Melee: Falchion          |   105 |   222 |   422 |   470 |       ||  1219
       Great sword       |       |       |       |   267 |   304 ||   571
Invok: Berserk           |     2 |     3 |     7 |     9 |     3 ||    24
       Trog's Hand       |       |       |     2 |     1 |     4 ||     7
       Brothers in Arms  |       |       |       |       |     1 ||     1
Evoke: Wand              |       |       |       |     4 |       ||     4
  Use: Scroll            |       |       |    11 |     7 |     3 ||    21
       Potion            |       |       |     1 |     1 |     3 ||     5
 Stab: Invisible         |       |       |       |       |     2 ||     2
  Eat: Chunk             |     4 |     8 |    16 |    30 |    12 ||    70
       Ration            |       |       |     1 |       |     1 ||     2
Armor: Ring mail         |    60 |    84 |   177 |    40 |       ||   361
       Skin              |       |       |     1 |     1 |       ||     2
       Scale mail        |       |       |       |   339 |   251 ||   590
       Chain mail        |       |       |       |    18 |       ||    18
Dodge: Dodged            |    60 |   131 |   442 |   757 |   356 ||  1746
Block: Other             |       |       |       |    35 |    69 ||   104
       Reflection        |       |       |       |     3 |     3 ||     6
       Rpst.: Falchion   |    23 |    41 |   117 |   131 |       ||   312
       Great sword       |       |       |       |    80 |    81 ||   161

Table legend:
 A = Non-vault XP
 B = Vault XP
 C = Vault XP percentage of total XP
 D = Non-vault monster count
 E = Vault monster count
 F = Vault count percentage of total count
                 A         B        C        D         E       F
            +---------+---------+-------+---------+---------+-------
      Total |   40159 |   26100 |  39.4 |     378 |      73 |  16.2
            +---------+---------+-------+---------+---------+-------
        D:1 |      22 |       0 |   0.0 |       9 |       0 |   0.0
        D:2 |      81 |       0 |   0.0 |      23 |       0 |   0.0
        D:3 |      76 |     310 |  80.3 |      29 |       3 |   9.4
        D:4 |     482 |       1 |   0.2 |      24 |       1 |   4.0
        D:5 |     535 |     736 |  57.9 |      17 |       7 |  29.2
        D:6 |     782 |      41 |   5.0 |      16 |       1 |   5.9
        D:7 |     752 |       0 |   0.0 |      24 |       0 |   0.0
        D:8 |    1099 |    2027 |  64.8 |      31 |       9 |  22.5
        D:9 |    1701 |       0 |   0.0 |      24 |       0 |   0.0
       D:10 |    2014 |     338 |  14.4 |      45 |       2 |   4.3
       D:11 |    2444 |    1500 |  38.0 |      24 |       3 |  11.1
       D:12 |    8113 |   11157 |  57.9 |      36 |      28 |  43.8
       D:13 |    6916 |    5123 |  42.6 |      25 |      11 |  30.6
       D:14 |    7511 |    4867 |  39.3 |      24 |       8 |  25.0
       D:15 |    7631 |       0 |   0.0 |      27 |       0 |   0.0
            +---------+---------+-------+---------+---------+-------
